 Dungeon Crawl Stone Soup version 0.26.1-11-gd32895ea62 (webtiles) character file.

Game seed: 142587135867529571

32074 ubername the Frost Mage (level 13, -6/115 HPs)
             Began as a Merfolk Ice Elementalist on June 22, 2021.
             Was a High Priest of Vehumet.
             Mangled by a green ugly thing (11 damage)
             ... on level 14 of the Dungeon.
             The game lasted 01:16:31 (25258 turns).

ubername the Frost Mage (Merfolk Ice Elementalist) Turns: 25258, Time: 01:16:33

Health: -6/115     AC: 18    Str:  9    XL:     13   Next: 62%
Magic:  16/25      EV: 15    Int: 19    God:    Vehumet [*****.]
Gold:   1693       SH:  0    Dex: 14    Spells: 13/28 levels left

rFire    + . .     SeeInvis .     - Unarmed
rCold    + + +     Faith    .   (shield currently unavailable)
rNeg     . . .     Spirit   .   (armour currently unavailable)
rPois    +         Reflect  .   (helmet currently unavailable)
rElec    +         Harm     .   (cloak currently unavailable)
rCorr    +         Rampage  .   (gloves currently unavailable)
Will     .....                  (boots currently unavailable)
Stlth    +++.......             y - amulet of the acrobat
HPRegen  0.29/turn              u - ring of poison resistance
MPRegen  0.19/turn              F - ring of fire

@: lethally poisoned (-6 -> -19), icy armour, ice-form, resistant, berserk
cooldown, frozen ramparts, slowed, very slow
A: large, (change form in water), (swift swim), (stealthy swim), robust 1
a: End Transformation, Renounce Religion


You were on level 14 of the Dungeon.
You worshipped Vehumet.
Vehumet was extremely pleased with you.
You were a creature of crystalline ice.
You visited 2 branches of the dungeon, and saw 15 of its levels.

You collected 3295 gold pieces.
You spent 1602 gold pieces at shops.

Inventory:

Hand Weapons
 a - a +1 dagger of electrocution (melded)
 b - a +2 dagger of venom
 e - a +2 dagger of freezing
 n - a +0 scimitar of flaming
 o - a +0 hunting sling
 E - the +4 battleaxe "Joappipt" {freeze, +Fly rPois Dex+2}
   (You found it on level 10 of the Dungeon)

   It has been specially enchanted to freeze those struck by it, causing extra
   injury to most foes and up to half again as much damage against particularly
   susceptible opponents.
   It can also slow down cold-blooded creatures.
   It affects your dexterity (+2).
   It protects you from poison.
   It lets you fly.
 H - the +6 hunting sling of Mosoefat {freeze, rN+}
   (You found it on level 10 of the Dungeon)

   It causes projectiles fired from it to freeze those they strike, causing
   extra injury to most foes and up to half again as much damage against
   particularly susceptible opponents.
   They can also slow down cold-blooded creatures.
   It protects you from negative energy.
 I - a +1 rapier of speed
 K - a +2 trident of venom
Missiles
 k - 75 sling bullets
 l - 37 boomerangs
 t - 10 poisoned darts (quivered)
 v - 3 curare-tipped darts
Armour
 h - a +1 cloak (melded)
 p - a +1 helmet (melded)
 w - a +0 pair of boots (melded)
 A - a +0 pair of gloves (melded)
 G - a +2 robe of resistance (melded)
Jewellery
 u - a ring of poison resistance (left front paw)
 y - an amulet of the acrobat (around neck)
 F - a ring of fire (right front paw)
Wands
 d - a wand of iceblast (21)
 D - a wand of flame (26)
 M - a wand of digging (8)
Scrolls
 c - 7 scrolls of identify
 j - 3 scrolls of amnesia
 m - 7 scrolls of remove curse
Potions
 i - 6 potions of flight
 q - 5 potions of curing
 r - a potion of might
 x - a potion of magic
 B - 3 potions of haste
 C - 2 potions of invisibility
 L - a potion of attraction
Miscellaneous
 g - a phantom mirror (inert)


   Skills:
 + Level 3.6 Fighting
 + Level 4.3 Short Blades
 + Level 0.8(1.2) Slings
 + Level 1.6(1.8) Throwing
 + Level 8.6 Dodging
 + Level 4.2 Stealth
 + Level 4.0 Unarmed Combat
 - Level 8.2 Spellcasting
 * Level 5.2 Conjurations
 * Level 4.5 Hexes
 - Level 8.1 Transmutations
 * Level 4.7 Fire Magic
 * Level 14.1 Ice Magic
 * Level 4.7 Air Magic
 * Level 3.3 Earth Magic
 + Level 1.1 Evocations


You had 13 spell levels left.
You knew the following spells:

 Your Spells              Type           Power        Failure   Level
a - Freeze                Ice            100%         1%          1
b - Frozen Ramparts       Ice            100%         1%          3
c - Ozocubu's Armour      Ice            57%          1%          3
d - Foxfire               Conj/Fire      100%         1%          1
e - Ice Form              Ice/Tmut       50%          1%          4
f - Tukima's Dance        Hex            25%          4%          3

Your spell library contained the following spells:

 Spells                   Type           Power        Failure   Level
 Ozocubu's Refrigeration  Ice            28%          1%          6
 Beastly Appendage        Tmut           76%          1%          1
 Ensorcelled Hibernation  Hex/Ice        86%          1%          2
 Wereblood                Tmut           38%          1%          2
 Stone Arrow              Conj/Erth      48%          1%          3
 Hailstorm                Conj/Ice       44%          1%          4
 Spider Form              Tmut/Pois      11%          4%          3
 Summon Ice Beast         Ice/Summ       34%          4%          4
 Iskenderun's Battlesphe  Conj           27%          8%          5
 Animate Skeleton         Necr           14%          9%          1
 Apportation              Tloc           14%          9%          1
 Blade Hands              Tmut           19%          9%          5
 Fireball                 Conj/Fire      20%          9%          5
 Bolt of Magma            Conj/Fire/Erth 18%          11%         5
 Freezing Cloud           Conj/Ice/Air   19%          13%         6
 Sublimation of Blood     Necr           3%           14%         2
 Lesser Beckoning         Tloc           3%           26%         3
 Conjure Ball Lightning   Conj/Air       13%          38%         6
 Alistair's Intoxication  Tmut/Pois      15%          43%         5
 Iron Shot                Conj/Erth      12%          50%         6
 Dispel Undead            Necr           7%           65%         4
 Summon Mana Viper        Hex/Summ       16%          67%         5
 Orb of Destruction       Conj           13%          88%         7
 Invisibility             Hex            25%          91%         6
 Excruciating Wounds      Necr           3%           94%         5
 Spellforged Servitor     Conj/Summ      8%           99%         7
 Death Channel            Necr           3%           100%        6


Dungeon Overview and Level Annotations

Branches:
Dungeon (14/15)            Temple (1/1) D:5            Lair (0/6) D:9
    Orc (0/2) D:10         Vaults (0/5) D:14

Altars:
Ashenzari
Cheibriados
Dithmenos
Elyvilon
Fedhas
Gozag
Hepliaklqana
Kikubaaqudgha
Makhleb
Nemelex Xobeh
Okawaru
Qazlal
Ru
Sif Muna
Trog
Uskayaw
Vehumet
Wu Jian
Xom
Yredelemnul
Zin
The Shining One

Shops:
D:8 ?*!:

Portals:
Trove: D:12 (give +3 ice dragon scales)


Innate Abilities, Weirdness & Mutations

((You revert to your normal form in water.))
((You are very nimble and swift while swimming.))
((You are very stealthy in the water. (Stealth+)))
You are robust. (+10% HP)


Message History

* * * LOW HITPOINT WARNING * * *
You feel very sick.
The green ugly thing kicks you but does no damage. x2
Unknown command.
Casting: Ice Form (mildly dangerous; 1% risk of failure)
Confirm with . or Enter, or press ? or * to list all spells.
Casting: Frozen Ramparts (safe; 1% risk of failure)
Press: ? - help, Dir - look around, f - activate The walls around you are covered in ice.
* * * LOW HITPOINT WARNING * * *
You feel very sick.
The wall freezes the green ugly thing!
The green ugly thing kicks you but does no damage.
Casting: Frozen Ramparts (safe; 1% risk of failure)
Confirm with . or Enter, or press ? or * to list all spells.
Your icy armour thickens.
* * * LOW HITPOINT WARNING * * *
You feel sick.
The wall freezes the green ugly thing.
The green ugly thing kicks you!
You die...

.#.#.###.# #)...))#.#
...<.###.# #.....)#.#
......(((####..(.).).#
........u.)........###
..######.#####.....#
.# #.# ###.### . #.#
#.# #.# #u######. #.#
#Y†...... #.#
#.....####. #. #####.#
.# .. ##


You could see a green ugly thing.

Vanquished Creatures
  Azrael (D:14)
  A vault guard (D:12)
  3 boulder beetles
  3 centaur warriors (D:14)
  5 two-headed ogres
  An unseen horror (D:13)
  A flayed ghost (D:10)
  A wizard (D:14)
  Pikel (D:5)
  An orc knight (D:14)
  11 ugly things
  2 slime creatures (D:12)
  Maurice (D:12)
  A gargoyle (D:10)
  5 orange demons (D:11)
  2 kobold demonologists
  A yaktaur (D:14)
  A komodo dragon (D:13)
  A red devil (D:11)
  2 trolls
  A vampire (D:11)
  2 fire elementals (D:14)
  8 wraiths
  3 wyverns
  12 humans (D:14)
  10 yaks
  A fire bat (D:10)
  2 hell hounds (D:14)
  A water moccasin (D:8)
  2 black bears (D:7)
  4 sky beasts
  5 orc warriors
  An ice beast (D:7)
  An eye of draining (D:10)
  2 necrophages
  7 centaurs
  7 ogres
  3 wolves (D:9)
  2 big kobolds (D:12)
  4 lemures (D:5)
  12 bullfrogs
  A wyvern zombie (D:13)
  A scorpion (D:4)
  19 killer bees
  4 electric eels (D:9)
  2 centaur zombies
  8 hounds
  4 orc priests
  2 bullfrog zombies (D:12)
  2 jellies
  3 centaur skeletons
  4 orc wizards
  2 bullfrog skeletons
  2 iguanas
  Terence (D:2)
  7 worker ants
  Ijyb (D:3)
  A hound zombie (D:10)
  2 worker ant zombies
  Robin (D:2)
  5 gnolls
  7 adders
  2 shadow imps
  14 white imps
  3 ufetubi
  An ooze (D:7)
  An adder zombie (D:6)
  2 adder skeletons
  A worm (D:3)
  A dart slug (D:1)
  6 leopard geckos
  70 orcs
  19 bats
  5 giant cockroaches
  23 goblins
  9 hobgoblins
  30 jackals
  3 quokkas
  2 ball pythons
  3 frilled lizards
  A jackal zombie (D:5)
  15 kobolds
  A quokka skeleton (D:5)
  12 rats
438 creatures vanquished.

Vanquished Creatures (collateral kills)
  An orc wizard (D:13)
1 creature vanquished.

Vanquished Creatures (others)
  A centaur skeleton (D:14)
  A soldier ant (D:14)
  A wyvern skeleton (D:14)
  A kobold (D:14)
  13 bushes (D:14)
  127 foxfires
  3 plants (D:7)
147 creatures vanquished.

Grand Total: 586 creatures vanquished

Notes
Turn   | Place    | Note
-------+----------+-------------------------------------------
     0 | D:1      | ubername the Merfolk Ice Elementalist began the quest for
                  | the Orb.
     0 | D:1      | Reached XP level 1. HP: 13/13 MP: 3/3
   163 | D:1      | Reached XP level 2. HP: 18/19 MP: 0/5
   761 | D:1      | Reached skill level 5 in Ice Magic
   840 | D:1      | Reached XP level 3. HP: 24/24 MP: 3/6
  1002 | D:1      | Learned a level 3 spell: Frozen Ramparts
  1544 | D:2      | Noticed Robin
  1562 | D:2      | Killed Robin
  1563 | D:2      | Reached XP level 4. HP: 19/30 MP: 1/8
  2077 | D:2      | Reached XP level 5. HP: 23/35 MP: 5/9
  2279 | D:2      | Learned a level 3 spell: Ozocubu's Armour
  2292 | D:2      | Found a broken altar of Ashenzari.
  2586 | D:2      | Reached skill level 1 in Short Blades
  2653 | D:2      | Noticed Terence
  2765 | D:2      | Found an iron altar of Okawaru.
  3109 | D:2      | Killed Terence
  3291 | D:2      | Found a shadowy altar of Dithmenos.
  3541 | D:3      | Reached skill level 6 in Ice Magic
  3683 | D:3      | Found a faded altar of an unknown god.
  3724 | D:3      | Reached XP level 6. HP: 27/42 MP: 7/11
  4115 | D:3      | Noticed Ijyb
  4139 | D:3      | Killed Ijyb
  4640 | D:3      | Found a radiant altar of Vehumet.
  4640 | D:3      | Found a shimmering blue altar of Sif Muna.
  4646 | D:3      | Found a faded altar of an unknown god.
  4652 | D:3      | Found a bloodstained altar of Trog.
  4653 | D:3      | Found a sparkling altar of Nemelex Xobeh.
  4668 | D:3      | Became a worshipper of Vehumet
  6006 | D:4      | Reached XP level 7. HP: 28/47 MP: 7/13
  6732 | D:5      | Entered Level 5 of the Dungeon
  6894 | D:5      | Found a staircase to the Ecumenical Temple.
  6918 | Temple   | Entered the Ecumenical Temple
  7223 | D:5      | Reached skill level 5 in Spellcasting
  7223 | D:5      | Reached skill level 1 in Transmutations
  7370 | D:5      | Reached skill level 7 in Ice Magic
  7897 | D:5      | Noticed Pikel
  7907 | D:5      | Reached * piety under Vehumet
  7907 | D:5      | Offered knowledge of Foxfire by Vehumet.
  7919 | D:5      | Killed Pikel
  7920 | D:5      | Reached skill level 1 in Fighting
  7920 | D:5      | Reached XP level 8. HP: 43/54 MP: 7/16
  8356 | D:5      | Learned a level 1 spell: Foxfire
  8470 | D:6      | Reached skill level 1 in Throwing
  8736 | D:6      | Got a twisted scale mail
  8737 | D:6      | Identified the +3 scale mail of Complete Protection {Will-
                  | Str+8} (You found it on level 6 of the Dungeon)
  9064 | D:6      | Found a stormy altar of Qazlal.
  9183 | D:7      | Reached skill level 8 in Ice Magic
  9195 | D:7      | Reached XP level 9. HP: 47/59 MP: 9/18
  9345 | D:7      | Found a hide-covered altar of Uskayaw.
  9361 | D:7      | Reached skill level 5 in Transmutations
  9444 | D:7      | Gained mutation: You are dopey. (Int -2) [potion of
                  | mutation]
  9444 | D:7      | Gained mutation: You are robust. (+10% HP) [potion of
                  | mutation]
  9444 | D:7      | Lost mutation: You are dopey. (Int -2) [potion of mutation]
  9562 | D:7      | Found a blossoming altar of Fedhas.
  9665 | D:7      | Offered knowledge of Shock by Vehumet.
  9672 | D:7      | Reached ** piety under Vehumet
  9676 | D:7      | Reached skill level 5 in Dodging
 10414 | D:8      | Learned a level 4 spell: Ice Form
 10434 | D:8      | Found Ceahughi's Magic Scroll Shoppe.
 10476 | D:8      | Found Vukled's Assorted Antiques.
 10484 | D:8      | Bought a scroll of enchant armour for 172 gold pieces
 10585 | D:8      | Found Dueh's Distillery.
 10601 | D:8      | Bought a potion of berserk rage for 75 gold pieces
 10601 | D:8      | Bought a potion of invisibility for 120 gold pieces
 10952 | D:8      | Found Moshoepp's Book Shop.
 11929 | D:8      | Reached skill level 9 in Ice Magic
 12201 | D:9      | Noticed a troll
 12341 | D:9      | Noticed a troll
 12357 | D:9      | Killed a troll
 12633 | D:9      | Reached skill level 1 in Conjurations
 12633 | D:9      | Reached skill level 1 in Air Magic
 12636 | D:9      | Reached XP level 10. HP: 64/73 MP: 18/20
 12764 | D:9      | Reached skill level 1 in Fire Magic
 13007 | D:9      | Found a staircase to the Lair.
 13678 | D:9      | Found a glowing silver altar of Zin.
 13679 | D:9      | Found an opulent altar of Gozag.
 13793 | D:9      | You fall into a shaft and drop 1 floor!
 13793 | D:10     | Entered Level 10 of the Dungeon
 13793 | D:10     | Found a staircase to the Orcish Mines.
 14008 | D:10     | Offered knowledge of Dazzling Flash by Vehumet.
 14793 | D:10     | Found a runed translucent door.
 14861 | D:10     | Found a sparkling altar of Nemelex Xobeh.
 14878 | D:10     | Noticed a flayed ghost
 14883 | D:10     | Found an opulent altar of Gozag.
 14892 | D:10     | Reached *** piety under Vehumet
 14946 | D:10     | Found a burning altar of Makhleb.
 14972 | D:10     | Found an ornate altar of the Wu Jian Council.
 15120 | D:10     | Found a white marble altar of Elyvilon.
 15156 | D:10     | Reached skill level 10 in Ice Magic
 15169 | D:10     | Found a glowing silver altar of Zin.
 15435 | D:10     | Reached skill level 1 in Unarmed Combat
 15875 | D:10     | Noticed a gargoyle
 15885 | D:10     | Killed a gargoyle
 15885 | D:10     | Offered knowledge of Inner Flame by Vehumet.
 15886 | D:10     | Reached XP level 11. HP: 59/79 MP: 11/22
 16018 | D:10     | Reached **** piety under Vehumet
 16428 | D:10     | Killed a flayed ghost
 16471 | D:10     | Got an encrusted battleaxe
 16473 | D:10     | Got a smouldering hunting sling
 16474 | D:10     | Identified the Compendium of Darkness
 16566 | D:10     | Identified the +4 battleaxe "Joappipt" {freeze, +Fly rPois
                  | Dex+2} (You found it on level 10 of the Dungeon)
 16567 | D:10     | Identified the +6 hunting sling of Mosoefat {freeze, rN+}
                  | (You found it on level 10 of the Dungeon)
 16788 | D:11     | Reached skill level 11 in Ice Magic
 16844 | D:11     | Offered knowledge of Bolt of Magma by Vehumet.
 17539 | D:11     | Noticed a two-headed ogre
 17843 | D:11     | Killed a two-headed ogre
 18237 | D:11     | Identified 3 scrolls of acquirement
 18238 | D:11     | Acquired 912 gold pieces
 18334 | D:8      | Bought a book of Power for 585 gold pieces
 18336 | D:8      | Bought a book of Party Tricks for 650 gold pieces
 18674 | D:11     | Noticed a two-headed ogre
 18692 | D:11     | Killed a two-headed ogre
 19268 | D:12     | Reached skill level 1 in Hexes
 19308 | D:12     | Noticed a purple ugly thing
 19825 | D:12     | Noticed Maurice
 20303 | D:12     | Noticed a two-headed ogre
 20309 | D:12     | Reached XP level 12. HP: 85/85 MP: 18/24
 20323 | D:12     | Killed a two-headed ogre
 20324 | D:12     | Reached skill level 12 in Ice Magic
 20324 | D:12     | Reached skill level 1 in Earth Magic
 20324 | D:12     | Reached skill level 1 in Evocations
 20597 | D:12     | Noticed a boulder beetle
 20950 | D:12     | Killed a boulder beetle
 21246 | D:12     | Killed Maurice
 21668 | D:12     | Found a portal to a secret trove of treasure.
 21668 | D:12     | Noticed a vault guard
 21682 | D:12     | Killed a vault guard
 21805 | D:12     | Acquired 1244 gold pieces
 22365 | D:12     | Acquired the Compendium of Conjuration and the Oath
 22375 | D:12     | Learned a level 3 spell: Tukima's Dance
 22385 | D:13     | Noticed a boulder beetle
 23756 | D:13     | Killed a boulder beetle
 24140 | D:14     | Found a gate to the Vaults.
 24140 | D:14     | Noticed a centaur warrior
 24140 | D:14     | Noticed a two-headed ogre
 24248 | D:14     | Noticed a centaur warrior
 24257 | D:14     | Killed a centaur warrior
 24258 | D:14     | Reached skill level 13 in Ice Magic
 24337 | D:14     | Killed a centaur warrior
 24347 | D:14     | Reached ***** piety under Vehumet
 24368 | D:14     | Offered knowledge of Ozocubu's Refrigeration by Vehumet.
 24475 | D:14     | Noticed a boulder beetle
 24484 | D:14     | Killed a boulder beetle
 24485 | D:14     | Reached XP level 13. HP: 54/93 MP: 21/25
 25089 | D:14     | Noticed Azrael
 25098 | D:14     | Killed Azrael
 25213 | D:14     | Reached skill level 5 in Conjurations
 25237 | D:14     | Reached skill level 14 in Ice Magic
 25258 | D:14     | HP: 5/115 [poisoned by a green ugly thing]
 25258 | D:14     | Mangled by a green ugly thing

Illustrated notes

Levels and vault maps discovered:
D:1:      wander_arrival_abandoned_jail, layout_rooms, nrook_uturn
D:2:      layout_basic, evilmike_ruin_ashenzari, lemuel_crystal_altar,
          marbit_many_paths, st_stairs_5, uniq_robin, uniq_terence
D:3:      kennysheep_goblin_castle, layout_basic,
          chequers_temple_overflow_minitemple, chequers_ecumenical_altar_simple
D:4:      layout_loops_ring, serial_rivers, chequers_serial_rivers_room_a,
          chequers_serial_rivers_micro_d, chequers_serial_rivers_small_a,
          chequers_serial_rivers_small_a, chequers_serial_rivers_marsh,
          chequers_serial_rivers_small_a, nicolae_zen_rock_garden
D:5:      layout_loops_corners, minmay_temple_entry_drinking_statues,
          lightli_corner_chamber, uniq_pikel
D:6:      layout_basic, nicolae_qazlal_eye_of_the_storm
D:7:      layout_gridville, fedhas_ov_isle_minmay,
          eat_drink_and_be_merry_uskayaw, kennysheep_generic_room_12
D:8:      layout_basic, serial_shops, shop, nicolae_shop_waterfront,
          shop_fountains, nicolae_shop_crystal, minivault_25
D:9:      layout_roguey, grunt_temple_overflow_gold_and_silver, erik_lair_island
D:10:     due_megacathedral, layout_loops_corners, david_orc_2, special_room
          [special_room_orc]
D:11:     layout_grid_maze, portal_ice_cave_entry_imps,
          minmay_beelzebubs_servants
D:12:     layout_stronghold, enter_trove_5, uniq_maurice
D:13:     layout_roguey
D:14:     layout_loops_ring, david_vaults_3, serial_park_square1
          [serial_park_minivault_5x5_2], gammafunk_ghost_smash, uniq_azrael
Temple:   jpeg_temple_alley_garden

Skill      XL: |  1  2  3  4  5  6  7  8  9 10 11 12 13 |
---------------+----------------------------------------+-----
Ice Magic      | 5 6 7 8 9 10 11 13 14 | 14.1
Dodging        | 3 4 6 7 8 |  8.6
Spellcasting   | 3 4 5 6 7 8 |  8.2
Short Blades   | 1 2 3 4 |  4.3
Transmutations | 3 4 6 7 8 |  8.1
Stealth        | 3 4 |  4.2
Fighting       | 1 2 3 |  3.6
Throwing       | 1 |  1.6
Conjurations   | 1 2 3 4 5 |  5.2
Air Magic      | 1 2 3 4 |  4.7
Fire Magic     | 2 3 4 |  4.7
Unarmed Combat | 1 2 3 4 |  4.0
Hexes          | 1 3 4 |  4.5
Earth Magic    | 2 3 |  3.3
Evocations     | 1 |  1.1
Slings         | |  0.8

Action                   |  1- 3 |  4- 6 |  7- 9 | 10-12 | 13-15 || total
-------------------------+-------+-------+-------+-------+-------++-------
Melee: Unarmed           |     5 |       |    15 |   124 |    44 ||   188
       Dagger            |    14 |    70 |   106 |   282 |    43 ||   515
       Punch             |       |       |       |     2 |       ||     2
 Fire: Hunting sling     |       |       |     3 |       |       ||     3
Throw: Dart              |       |     5 |    13 |    25 |       ||    43
 Cast: Freeze            |    34 |     2 |     1 |    15 |     2 ||    54
       Frozen Ramparts   |     8 |    48 |    53 |   102 |    13 ||   224
       Ozocubu's Armour  |       |     5 |    15 |    51 |    10 ||    81
       Foxfire           |       |       |    24 |    51 |       ||    75
       Ice Form          |       |       |     5 |    20 |     3 ||    28
       Tukima's Dance    |       |       |       |     5 |       ||     5
Evoke: Wand              |       |       |     4 |    10 |     3 ||    17
       Phantom mirror    |       |       |       |     1 |     1 ||     2
  Use: Scroll            |     4 |    10 |     8 |    12 |     2 ||    36
       Potion            |       |     5 |     5 |     2 |     8 ||    20
 Stab: Sleeping          |       |     1 |     2 |     2 |       ||     5
Armor: Robe              |    13 |    27 |    46 |   112 |    13 ||   211
       Skin              |       |       |     5 |    37 |    17 ||    59
Dodge: Dodged            |    46 |    91 |   138 |   517 |    65 ||   857
